 Dungeon Crawl Stone Soup version 0.28.0-53-g5a82cb258f (webtiles) character file.

Game seed: 61960699664966637

24 Descartes the Grasshopper (level 3, -3/27 HPs)
             Began as a Formicid Warper on June 1, 2022.
             Succumbed to a scorpion's poison
             ... on level 1 of the Dungeon.
             The game lasted 00:01:12 (1418 turns).

Descartes the Grasshopper (Formicid Warper)         Turns: 1418, Time: 00:01:13

Health: -3/27      AC:  3    Str: 17    XL:     3   Next: 15%
Magic:  6/6        EV: 11    Int: 12    God:
Gold:   92         SH:  0    Dex: 10    Spells: 6/6 levels left

rFire   . . .      SeeInvis +   a - +0 hand axe
rCold   . . .      Faith    .   (no shield)
rNeg    . . .      Spirit   .   b - +0 leather armour
rPois   .          Reflect  .   (helmet unavailable)
rElec   .          Harm     .   (no cloak)
rCorr   .          Rampage  .   (no gloves)
Will    .....                   (no boots)
Stlth   +.........              (no amulet)
HPRegen 0.09/turn               (no ring)
MPRegen 0.10/turn               (no ring)

@: lethally poisoned (-3 -> -18)
A: permanent stasis, dig shafts and tunnels, antennae 3, four strong arms
a: Dig, Shaft Self


You were on level 1 of the Dungeon.
You visited 1 branch of the dungeon, and saw 2 of its levels.

You collected 92 gold pieces.

Inventory:

Hand Weapons
 a - a +0 hand axe (weapon)
Missiles
 c - 5 boomerangs of dispersal (quivered)
 e - 16 stones
Armour
 b - a +0 leather armour (worn)
Jewellery
 f - a ring of wizardry
Scrolls
 g - a scroll of immolation {unknown}
 h - a scroll of identify {unknown}
Potions
 d - a potion of curing {unknown}


   Skills:
 - Level 2.1 Fighting
 + Level 2.4 Axes
 - Level 1.0 Throwing
 + Level 1.8 Armour
 - Level 1.7 Dodging
 + Level 1.2 Shields
 - Level 2.1 Spellcasting
 + Level 3.0 Translocations


You had 6 spell levels left.
You didn't know any spells.
Your spell library contained the following spells:

 Spells                   Type           Power      Damage    Failure   Level
 Gell's Gravitas          Tloc           8%         N/A       28%         3
 Lesser Beckoning         Tloc           8%         N/A       28%         3
 Teleport Other           Tloc           8%         N/A       28%         3
 Manifold Assault         Tloc           8%         N/A       95%         5
 Blink                    Tloc           Unusable   N/A       N/A         2

Dungeon Overview and Level Annotations

Branches:
Dungeon (2/15)

Altars:


Innate Abilities, Weirdness & Mutations

You cannot be hasted, slowed, berserked, paralysed or teleported.
You can dig through walls and to a lower floor.
You have a pair of large antennae on your head. (SInv)
Your four strong arms can wield two-handed weapons with a shield.


Message History

You feel sick. The scorpion stings you.
You barely miss the scorpion. Your punch misses the scorpion.
The scorpion is lightly wounded.
You feel sick. The scorpion barely misses you. x2
You barely miss the scorpion.
The scorpion is lightly wounded.
You feel sick. The scorpion stings you.
You barely miss the scorpion.
The scorpion is lightly wounded.
You feel sick. The scorpion barely misses you. x2
You hit the scorpion.
The scorpion is moderately wounded.
You feel sick.
You are no longer poisoned.
The scorpion closely misses you.
You hit the scorpion but do no damage.
The scorpion is moderately wounded.
The scorpion stings you but does no damage.
The scorpion stings you.
* * * LOW HITPOINT WARNING * * *
You hit the scorpion.
The scorpion is heavily wounded.
The scorpion closely misses you.
You barely miss the scorpion.
The scorpion is heavily wounded.
The scorpion stings you but does no damage.
The scorpion stings you.
* * * LOW HITPOINT WARNING * * *
You barely miss the scorpion.
The scorpion is heavily wounded.
The scorpion misses you.
You hit the scorpion.
The scorpion is severely wounded.
The scorpion stings you.
* * * LOW HITPOINT WARNING * * *
You are lethally poisoned!
The scorpion poisons you! The scorpion barely misses you.
You closely miss the scorpion.
The scorpion is severely wounded.
You die...

......# #......# #.# #.#.....
.####.###.###)## #.# #.......
.# #...##.###.####.# ###.....
.# #...............# #.....
.###...##.########## ###.##
..#######.# #.# #+# #.# #.#
#.# #.# ################.#
≈.♣### #.# #.@s.............#
≈<.'.# #.# #.################
≈.♣#.# #.# #.# #.##.#
#.#####.### #+##.# #.........#
.....# #.#####.#.# .###.#
#.#####.#.# .# #.#
#.......#.############### .#
#.##########..................


You could see a scorpion.

Vanquished Creatures
  A dart slug (D:1)
  3 endoplasms
  A giant cockroach (D:1)
  2 goblins (D:1)
  3 hobgoblins (D:1)
  A quokka (D:1)
  3 ball pythons (D:1)
  2 bats (D:1)
  2 frilled lizards (D:1)
  2 kobolds (D:1)
20 creatures vanquished.

Notes
Turn   | Place    | Note
-------+----------+-------------------------------------------
     0 | D:1      | Descartes the Formicid Warper began the quest for the Orb.
     0 | D:1      | Reached XP level 1. HP: 16/16 MP: 3/3
   214 | D:1      | Found a faded altar of an unknown god.
   216 | D:1      | Reached XP level 2. HP: 22/22 MP: 5/5
   493 | D:1      | Reached skill level 1 in Shields
   759 | D:1      | Reached XP level 3. HP: 24/27 MP: 6/6
   903 | D:1      | Reached skill level 3 in Translocations
  1396 | D:2      | Noticed a scorpion
  1417 | D:1      | HP: 1/27 [scorpion (5)]
  1418 | D:1      | Succumbed to a scorpion's poison

Illustrated notes

Levels and vault maps discovered:
D:1:      tarquinn_simple_flora_water_e, layout_loops_ring,
          hellmonk_ecumenical_altar_zigzags
D:2:      layout_loops_ring, hex_medium

Skill      XL: |  1  2  3 |
---------------+----------+-----
Shields        | 1 |  1.2
Translocations | 3 |  3.0
Fighting       | |  2.1
Axes           | |  2.4
Throwing       | |  1.0
Armour         | |  1.8
Dodging        | |  1.7
Spellcasting   | |  2.1

Action                   || total
-------------------------++-------
Melee: Hand axe          ||    80
       Punch             ||     2
Armor: Leather armour    ||    17
Dodge: Dodged            ||    51
